 Dungeon Crawl Stone Soup version 0.28-a0-1447-ga5a8893891 (webtiles) character file.

Game seed: 18106466113656880197

2953 ytrimaz the Martial Artist (level 9, -11/58 HPs)
             Began as an Octopode Transmuter on Jan 10, 2022.
             Was an Initiate of Ashenzari.
             Mangled by Grum (18 damage)
             ... on level 8 of the Dungeon.
             The game lasted 00:13:19 (11746 turns).

ytrimaz the Martial Artist (Octopode Transmuter)   Turns: 11746, Time: 00:13:20

Health: -11/58     AC:  2    Str: 16    XL:     9   Next: 81%
Magic:  16/18      EV: 20    Int: 19    God:    Ashenzari [......]
Gold:   212        SH:  0    Dex: 21    Spells: 2/20 levels left

rFire   + . .      SeeInvis .     - Unarmed
rCold   + . .      Faith    .   (shield currently unavailable)
rNeg    . . .      Spirit   .   (helmet currently unavailable)
rPois   x          Reflect  .   (no amulet)
rElec   +          Harm     .   n - ring of the Stellar Negligence {*Slow rElec rF+ rC+ Str+6 Dex+4, Self, Alch} (curse)
rCorr   .          Rampage  .   (no ring)
Will    .....                   (no ring)
Stlth   ++........              (no ring)
HPRegen 0.19/turn               (no ring)
MPRegen 0.16/turn               (no ring)
                                (no ring)
                                (no ring)

@: spider-form
A: venomous fangs, almost no armour, (amphibious), 8 rings, tiny, (camouflage
1), (gelatinous body 1), (nimble swimmer 1), (tentacles)
a: End Transformation, Renounce Religion, Shatter the Chains


You were on level 8 of the Dungeon.
You worshipped Ashenzari.
Ashenzari was noncommittal.
You were a venomous arachnid creature.
You visited 2 branches of the dungeon, and saw 9 of its levels.
You also visited: Ossuary.

You collected 1291 gold pieces.
You spent 1079 gold pieces at shops.

Inventory:

Jewellery
 n - the cursed ring of the Stellar Negligence (left front leg) {*Slow rElec rF+ rC+ Str+6 Dex+4, Self, Alch}
   (You bought it in a shop on level 7 of the Dungeon)

   [ring of strength]

   Str:       It affects your strength (+6).
   Dex:       It affects your dexterity (+4).
   rF:        It protects you from fire.
   rC:        It protects you from cold.
   rElec:     It insulates you from electricity.
   *Slow:     It may slow you when you take damage.
   It has a curse which improves the following skills: Introspection: Fighting
   and Spellcasting.
   Alchemy:   Poison Magic and Transmutations.
Wands
 k - a wand of flame (18)
 o - a wand of charming (4)
 p - a wand of iceblast (7)
Scrolls
 c - 2 scrolls of fear
 f - 3 scrolls of fog
 g - a scroll of noise
 h - a scroll of teleportation
Potions
 a - 3 potions of mutation
 b - 2 potions of brilliance
 d - 3 potions of flight
 e - 2 potions of curing
 i - a potion of haste
 j - a potion of might {unknown}
 l - a potion of attraction {unknown}
 m - 2 potions of lignification
 q - a potion of berserk rage
 s - a potion of cancellation


   Skills:
 * Level 3.4(3.9) Fighting
 - Level 2.2 Dodging
 * Level 9.6 Unarmed Combat
 * Level 5.7(6.2) Spellcasting
 * Level 5.9(6.3) Transmutations
 - Level 4.0(4.3) Poison Magic


You had 2 spell levels left.
You knew the following spells:

 Your Spells              Type           Power      Damage    Failure   Level
a - Beastly Appendage     Tmut           58%        N/A       4%          1
b - Wereblood             Tmut           29%        N/A       6%          2
c - Spider Form           Tmut/Pois      26%        N/A       12%         3
d - Ice Form              Ice/Tmut       17%        N/A       52%         4
e - Ozocubu's Armour      Ice            5%         N/A       54%         3
f - Yara's Violent Unrav  Hex/Tmut       8%         3d5       82%         5

Your spell library contained the following spells:

 Spells                   Type           Power      Damage    Failure   Level
 Tukima's Dance           Hex            5%         N/A       54%         3
 Passage of Golubria      Tloc           5%         N/A       88%         4
 Ozocubu's Refrigeration  Ice            2%         4d5       100%        7


Dungeon Overview and Level Annotations

Branches:
Dungeon (8/15)             Temple (1/1) D:4         Ossuary (visited)
   Lair: D:8-11

Altars:
Ashenzari
Cheibriados
Dithmenos
Fedhas
Gozag
Hepliaklqana
Kikubaaqudgha
Makhleb
Nemelex Xobeh
Okawaru
Qazlal
Ru
Sif Muna
Trog
Wu Jian
Xom
Yredelemnul
Zin
The Shining One

Shops:
D:3 [   D:5 *   D:7 !*:**

Annotations:
D:5 Grinder
D:8 Grum


Innate Abilities, Weirdness & Mutations

You are a venomous arachnid creature.
You have poisonous fangs.
You are tiny and dextrous.
Your spellcasting is less reliable in this form.
Your armour is entirely melded.
You are incapable of wielding weapons or throwing items.
You cannot wear most types of armour.
((You are amphibious.))
You can wear up to eight rings at the same time.
((Your skin changes colour to match your surroundings (Stealth+).))
((Your rubbery body absorbs attacks. (AC +1, EV +1)))
((You are camouflaged when in or above water. (Stealth+)))
((You have tentacles for arms and can constrict up to eight enemies at once.))


Message History

You turn into a venomous arachnid creature.
The wolf misses you.
Grum the Hunter comes into view.
He is wielding a +0 spear of freezing.
The wolf closely misses you.
You closely miss the wolf. The wolf barely misses you.
You barely miss the wolf. The wolf misses you. The wolf bites you!
You bite the wolf!
The wolf is poisoned.
The wolf is heavily wounded.
The wolf misses you.
You barely miss the wolf.
The wolf is severely wounded.
The wolf barely misses you.
You barely miss the wolf.
The wolf is severely wounded.
The wolf bites you. The wolf closely misses you.
You bite the wolf!
You kill the wolf!
A wolf comes into view.
Grum closely misses you.
You see here a wolf corpse.
You bite Grum!
Grum is poisoned.
Grum is moderately wounded.
Grum hits you with a +0 spear of freezing!
Grum freezes you.
You bite Grum!
Grum looks as sick as possible!
Grum is moderately wounded.
You bite Grum!
Grum looks as sick as possible!
Grum is almost dead.
Grum hits you with a +0 spear of freezing!
Grum freezes you.
* * * LOW HITPOINT WARNING * * *
You hit Grum but do no damage.
Grum looks as sick as possible!
Grum is almost dead.
Grum hits you with a +0 spear of freezing!
* * * LOW HITPOINT WARNING * * *
Grum freezes you.
* * * LOW HITPOINT WARNING * * *
Unknown command.
Grum hits you from afar with a +0 spear of freezing!!
You die...

.......# ......#
#....# #...# #...#
..# #h.# ..# #g##
+.# #†# #.# #s# ..
#####.# #.#
...#..##.# #.#
...#.....## ##.#
..##......#####..#
..##..##.........#
..##..##....#....#
......##....##...#
......##....##...#


You could see Grum (extremely poisoned) and a wolf.

Vanquished Creatures
  3 yaks
  A steam dragon (D:7)
  2 water moccasins
  2 orc warriors
  3 sky beasts
  2 ice beasts
  A necrophage (D:7)
  2 ogres (D:6)
  A wolf (D:8)
  An elf zombie (Ossuary)
  A phantom (D:5)
  A wyvern zombie (D:6)
  A water moccasin zombie (D:5)
  2 scorpions (D:7)
  2 water moccasin skeletons
  4 centaur zombies (Ossuary)
  A bullfrog skeleton (D:6)
  A gnoll shaman (D:6)
  An orc priest (D:6)
  Natasha (thrice) (D:4)
  An iguana (D:3)
  3 orc wizards
  A killer bee zombie (D:6)
  A hound zombie (D:5)
  2 hound skeletons (D:4)
  2 mummies (Ossuary)
  7 gnolls
  3 adders
  A shadow imp (D:7)
  A white imp (D:7)
  3 adder zombies (Ossuary)
  4 dart slugs
  17 orcs
  2 bats (D:3)
  5 endoplasms
  A giant cockroach (D:2)
  8 goblins
  12 hobgoblins
  6 jackals (D:4)
  2 quokkas (D:2)
  7 ball pythons
  A frilled lizard (D:1)
  A goblin zombie (Ossuary)
  10 hobgoblin zombies (Ossuary)
  7 kobolds
  8 kobold zombies (Ossuary)
  10 orc zombies (Ossuary)
  A quokka skeleton (D:4)
  6 rats
168 creatures vanquished.

Vanquished Creatures (others)
  A fungus (D:2)
1 creature vanquished.

Grand Total: 169 creatures vanquished

Notes
Turn   | Place    | Note
-------+----------+-------------------------------------------
     0 | D:1      | ytrimaz the Octopode Transmuter began the quest for the
                  | Orb.
     0 | D:1      | Reached XP level 1. HP: 13/13 MP: 3/3
   796 | D:1      | Reached XP level 2. HP: 14/18 MP: 3/5
   868 | D:1      | Learned a level 2 spell: Wereblood
  1664 | D:2      | Found a faded altar of an unknown god.
  1929 | D:2      | Reached XP level 3. HP: 7/23 MP: 6/6
  1972 | D:2      | HP: 1/34 [gnoll (4)]
  2392 | D:1      | Learned a level 3 spell: Spider Form
  2679 | D:2      | Reached XP level 4. HP: 28/28 MP: 5/8
  3650 | D:3      | Found Sasasann's Armour Shop.
  3751 | D:3      | Found a blossoming altar of Fedhas.
  3801 | D:3      | Identified the +4 robe of Liberalism {-Cast rN+ Str+6}
  3909 | D:4      | Reached XP level 5. HP: 17/33 MP: 7/9
  4091 | D:4      | Learned a level 4 spell: Ice Form
  4309 | D:4      | Found a staircase to the Ecumenical Temple.
  4317 | Temple   | Entered the Ecumenical Temple
  4408 | Temple   | Became a worshipper of Ashenzari the Shackled
  4529 | D:4      | Reached skill level 1 in Poison Magic
  4559 | D:4      | Found a bloodstained altar of Trog.
  4725 | D:4      | Reached skill level 4 in Unarmed Combat
  5099 | D:4      | Noticed Natasha
  5104 | D:4      | Reached XP level 6. HP: 34/38 MP: 9/11
  5111 | D:4      | Killed Natasha
  5344 | D:4      | Noticed Natasha
  5355 | D:4      | Killed Natasha
  5596 | D:4      | Noticed Natasha
  5606 | D:4      | Killed Natasha
  5744 | D:5      | Entered Level 5 of the Dungeon
  5744 | D:5      | Noticed Grinder
  5776 | D:5      | Noticed an ice beast
  5779 | D:5      | Noticed a sky beast
  5836 | D:5      | Killed an ice beast
  5865 | D:5      | HP: 1/38 [something (5)]
  5869 | D:5      | Killed a sky beast
  5870 | D:5      | Reached skill level 5 in Unarmed Combat
  5870 | D:5      | Reached XP level 7. HP: 16/43 MP: 7/13
  6070 | D:5      | Identified the +1 ring mail "Reoggu" {Str-5 Dex+3 SInv}
  6395 | D:5      | Found Zin's Purification Station.
  6395 | D:5      | Found a glowing silver altar of Zin.
  6792 | D:6      | Reached skill level 6 in Unarmed Combat
  7324 | D:6      | Reached XP level 8. HP: 10/48 MP: 9/14
  7648 | D:6      | Identified a scroll of acquirement
  7648 | D:6      | Acquired 905 gold pieces
  8402 | D:6      | Reached skill level 7 in Unarmed Combat
  8831 | D:6      | Identified the +0 ring mail "Xerch" {rF+ Will+ Str-4}
  8833 | D:6      | Found a burning altar of Makhleb.
  8926 | D:7      | Found Osoivuob's Assorted Antiques.
  9205 | D:7      | Reached skill level 5 in Spellcasting
  9205 | D:7      | Reached skill level 5 in Transmutations
  9290 | D:7      | Found a sand-covered staircase.
  9303 | Ossuary  | Entered an ossuary
  9547 | Ossuary  | Reached XP level 9. HP: 55/55 MP: 10/16
  9565 | Ossuary  | Reached skill level 8 in Unarmed Combat
 10078 | D:7      | Bought a scroll of identify for 56 gold pieces
 10078 | D:7      | Bought a scroll of identify for 56 gold pieces
 10078 | D:7      | Bought a lead wand for 112 gold pieces
 10078 | D:7      | Bought a wooden wand for 112 gold pieces
 10101 | D:7      | Found Omuekaoh's Assorted Antiques.
 10118 | D:7      | Bought a scroll labelled JIRYUNWAEKK for 34 gold pieces
 10316 | D:7      | Found Inomeesu's Assorted Antiques.
 10330 | D:7      | Bought a flickering marble ring for 145 gold pieces
 10330 | D:7      | Identified the ring "Zufenor" {*Slow rElec rF+ rC+ Str+6
                  | Dex+4} (You bought it in a shop on level 7 of the Dungeon)
 10348 | D:7      | Found Koah's Distillery.
 10369 | D:7      | Bought a potion of haste for 120 gold pieces
 10369 | D:7      | Bought a potion of berserk rage for 60 gold pieces
 10369 | D:7      | Bought a potion of heal wounds for 60 gold pieces
 10369 | D:7      | Bought a potion of curing for 36 gold pieces
 10369 | D:7      | Bought 2 potions of mutation for 192 gold pieces
 10369 | D:7      | Bought a potion of cancellation for 96 gold pieces
 10651 | D:7      | Learned a level 3 spell: Ozocubu's Armour
 10657 | D:7      | Learned a level 5 spell: Yara's Violent Unravelling
 10677 | D:7      | Found Xocoj's Book Shop.
 10750 | D:7      | Reached skill level 9 in Unarmed Combat
 11093 | D:8      | Found a shadowy altar of Dithmenos.
 11734 | D:8      | Noticed Grum
 11746 | D:8      | Mangled by Grum

Illustrated notes

Levels and vault maps discovered:
D:1:      lordsloth_arrival_two_stooges, layout_loops_corners, roderic_lattice_a
D:2:      layout_basic, shapermc_ecumenical_altar_ellora
D:3:      layout_rooms, mainiacjoe_overflow_tiny_flanked, serial_shops, shop,
          minmay_liquid_box, kennysheep_minor_cross, serial_bayou_pond_d
D:4:      layout_loops_ring, trog_hazing_becter, minmay_temple_entry_wispy,
          uniq_natasha
D:5:      layout_basic, nicolae_uskayaw_en_pointe, zin_purify, serial_shops,
          shop_fountains, uniq_grinder
D:6:      layout_basic, lightli_temple_of_fire, serial_aquarium,
          aquarium_bridge_straight [aquarium_subvault_bridge,
          aquarium_subvault_wall, aquarium_subvault_bridge,
          aquarium_subvault_wall], aquarium_window_corner, aquarium_window_2,
          aquarium_window_fake, aquarium_view_2d, aquarium_view_2g,
          aquarium_pool_split, nicolae_figureground_sparkle
D:7:      layout_loops_cross, nicolae_ossuary_entry_ruins, serial_shops,
          nicolae_shop_trees, nicolae_shop_temple_entry_statues_fountains,
          nicolae_shop_window_shopping, shop, nicolae_stop_n_shop_2,
          minmay_misc_feat_nine_boxes
D:8:      layout_gridville, nicolae_overflow_crystal_walls, vehumet_crystals,
          grunt_dithmenos_smoke_and_mirrors, due_lair_maze_entry_diamond,
          minmay_fire_ice_demons, uniq_grum
Temple:   nicolae_temple_great_sept

Skill      XL: |  1  2  3  4  5  6  7  8  9 |
---------------+----------------------------+-----
Transmutations | 3 4 5 |  5.9
Spellcasting   | 3 4 5 |  5.7
Poison Magic   | 1 2 3 4 |  4.0
Unarmed Combat | 4 5 6 7 9 |  9.6
Fighting       | 2 3 |  3.4
Dodging        | |  2.2

Action                   |  1- 3 |  4- 6 |  7- 9 || total
-------------------------+-------+-------+-------++-------
Melee: Unarmed           |    58 |   147 |   295 ||   500
       Kick              |    15 |    23 |    11 ||    49
       Constrict         |    14 |    33 |    14 ||    61
       Tentacles         |    10 |    16 |    19 ||    45
       Punch             |     2 |     2 |     5 ||     9
 Cast: Beastly Appendage |    21 |    23 |     5 ||    49
       Spider Form       |     1 |     6 |    11 ||    18
       Wereblood         |     1 |     2 |     9 ||    12
       Ice Form          |       |       |     9 ||     9
Invok: Curse Item        |       |       |     1 ||     1
  Use: Scroll            |     6 |     5 |     8 ||    19
       Potion            |     2 |     1 |     4 ||     7
 Stab: Sleeping          |     8 |     4 |       ||    12
Armor: Skin              |     9 |    13 |    39 ||    61
Dodge: Dodged            |    31 |   109 |   175 ||   315

Table legend: (Time is in decaauts)
 A = Elapsed time spent in this place.
 B = Non-inter-level travel time spent in this place.
 C = Inter-level travel time spent in this place.
 D = Time resting spent in this place.
 E = Time spent auto-exploring this place.
 F = Levels seen in this place.
 G = Mean time per level.
                   A        B        C        D        E       F      G
               +--------+--------+--------+--------+--------+-----+--------+
         Total |  11697 |  11282 |    415 |   3463 |   6003 |  10 | 1169.7 |
       Dungeon |  11322 |  10933 |    389 |   3403 |   5939 |   8 | 1415.2 |
        Temple |     99 |     73 |     26 |      0 |     60 |   1 |   99.0 |
       Ossuary |    275 |    275 |      0 |     60 |      4 |   1 |  275.0 |
               +--------+--------+--------+--------+--------+-----+--------+

Top non-repeatable levels by time:
     D:6: 2350 daAuts
     D:7: 2233 daAuts
     D:1: 2087 daAuts
     D:4: 1854 daAuts
     D:2: 1085 daAuts
     D:5: 722 daAuts
     D:3: 721 daAuts
 Ossuary: 275 daAuts
     D:8: 267 daAuts
  Temple: 99 daAuts
